 Dungeon Crawl Stone Soup version 0.24.0-37-gcf1ca852f1 (webtiles) character file.

Game seed: 17098147787263764286, levelgen mode: deterministic

3406 PentaManta the Nimble (level 9, -2/89 HPs)
             Began as a Troll Monk on Dec 1, 2019.
             Was a Priest of Elyvilon.
             Slain by a mummy (6 damage)
             ... in an ossuary.
             The game lasted 00:14:12 (5827 turns).

PentaManta the Nimble (Troll Monk)                  Turns: 5827, Time: 00:14:12

Health: -2/89      AC:  6    Str: 24    XL:     9   Next: 75%
Magic:  17/17      EV: 29    Int:  6    God:    Elyvilon [***...]
Gold:   401        SH:  0    Dex: 12    Spells: 8/8 levels left

rFire    . . .     SeeInvis .     - Unarmed
rCold    + . .     Gourm    +   (no shield)
rNeg     . . .     Faith    .   f - +0 robe {rC+}
rPois    .         Spirit   .   (helmet restricted)
rElec    .         Reflect  .   (no cloak)
rCorr    .         Harm     .   (gloves unavailable)
MR       .....                  (boots unavailable)
Stlth    ++........             w - amulet of the acrobat
HPRegen  0.64/turn              i - ring of magical power
MPRegen  0.15/turn              (no ring)

@: acrobat, starving
A: large, unfitting armour, claws 3, fast metabolism 3, gourmand, regeneration
1, shaggy fur 1, tough skin 3
a: Lesser Healing, Heal Other, Purification, Divine Protection, Renounce
Religion


You were in an ossuary.
You worshipped Elyvilon.
Elyvilon was most pleased with you.
You were starving.

You visited 2 branches of the dungeon, and saw 9 of its levels.
You also visited: Ossuary.

You collected 401 gold pieces.

Inventory:

Missiles
 q - 28 poisoned darts (quivered)
Armour
 f - a +0 robe of cold resistance (worn)
Jewellery
 i - a ring of magical power (left claw)
 w - an amulet of the acrobat (around neck)
 y - an uncursed ring of positive energy {unknown}
 z - a +3 ring of strength {unknown}
 C - a +1 ring of evasion {unknown}
Wands
 s - a wand of polymorph (8)
 v - a wand of random effects (19)
 B - a wand of flame (53)
Scrolls
 c - 10 scrolls of identify {unknown}
 d - 2 scrolls of random uselessness {unknown}
 e - 3 scrolls of remove curse {unknown}
 g - a scroll of fear {unknown}
 h - 2 scrolls of blinking {unknown}
 j - 2 scrolls of enchant weapon {unknown}
 k - 2 scrolls of enchant armour {unknown}
 o - 2 scrolls of immolation {unknown}
 r - 4 scrolls of teleportation {unknown}
 t - 5 scrolls of magic mapping {unknown}
 x - 2 scrolls of amnesia {unknown}
 D - a scroll of summoning {unknown}
Potions
 a - a potion of cancellation {unknown}
 l - a potion of agility {unknown}
 m - 3 potions of curing {unknown}
 n - 2 potions of heal wounds {unknown}
 p - a potion of mutation {unknown}
 u - 2 potions of lignification {unknown}
 A - a potion of magic {unknown}
Comestibles
 b - 8 rations


   Skills:
 + Level 6.3 Fighting
 * Level 8.7 Dodging
 - Level 1.0 Stealth
 + Level 7.6 Unarmed Combat


You had 8 spell levels left.
You didn't know any spells.
Your spell library contained the following spells:

 Spells                   Type           Power        Failure   Level  Hunger
 Confusing Touch          Hex            #.....       45%         1    ##.....
 Summon Small Mammal      Summ           #...         45%         1    ##.....
 Call Imp                 Summ           #.......     58%         2    ###....
 Call Canine Familiar     Summ           #.......     83%         3    ####...
 Confuse                  Hex            #.......     83%         3    ####...
 Gell's Gravitas          Tloc           #.........   83%         3    ####...
 Summon Guardian Golem    Hex/Summ       #.......     83%         3    ####...
 Petrify                  Tmut/Erth      #.......     99%         4    #####..
 Summon Ice Beast         Ice/Summ       #.......     99%         4    #####..
 Summon Lightning Spire   Summ/Air       #.......     99%         4    #####..
 Metabolic Englaciation   Hex/Ice        #.........   100%        5    ######.
 Yara's Violent Unravell  Hex/Tmut       #.........   100%        5    ######.


Dungeon Overview and Level Annotations

Branches:
Dungeon (8/15)             Temple (1/1) D:5         Ossuary (1/1)
   Lair: D:8-11

Altars:
Ashenzari
Cheibriados
Dithmenos
Elyvilon
Fedhas
Gozag
Hepliaklqana
Kikubaaqudgha
Makhleb
Nemelex Xobeh
Okawaru
Qazlal
Ru
Sif Muna
Trog
Uskayaw
Vehumet
Wu Jian
Xom
Yredelemnul
Zin
The Shining One

Shops:
D:4 [

Annotations:
D:3 3 runed translucent doors, Delamore's ghost, amateur HOFi


Innate Abilities, Weirdness & Mutations

You are too large for most types of armour.
You have claws for hands.
Your metabolism is lightning-fast.
You like to eat raw meat.
Your natural rate of healing is unusually fast.
You are covered in fur. (AC +1)
You have extremely tough skin. (AC +3)


Message History

The gnoll zombie misses you. The adder zombie completely misses you.
The adder zombie misses you.
The mummy completely misses you. x2; The mummy closely misses you.
The mummy misses you. The adder zombie closely misses you.
The adder zombie misses you.
The hobgoblin zombie completely misses you.
The gnoll zombie misses you. The adder zombie misses you.
The adder zombie completely misses you. The mummy misses you.
The hobgoblin zombie barely misses you. The gnoll zombie closely misses you.
The mummy completely misses you. The mummy closely misses you.
The adder zombie bites you.
* * * LOW HITPOINT WARNING * * *
The mummy completely misses you. The adder zombie bites you.
* * * LOW HITPOINT WARNING * * *
The adder zombie completely misses you. The hobgoblin zombie misses you.
The adder zombie misses you. The gnoll zombie completely misses you.
The mummy hits you.
* * * LOW HITPOINT WARNING * * *
The mummy hits you.
You die...

...............
...............
...............
...............
...............
.......ZZ......
......ZMM......
.....ZZ@MZ.....
......MZZZ.....
......ZZZ......
...............
...............
...............
...............
...............


You could see 4 mummies, 2 adder zombies, 4 rat zombies, a hobgoblin zombie, 2
gnoll zombies, a kobold zombie, a big kobold zombie and an orc zombie.

Vanquished Creatures
  A two-headed ogre (D:8)
  A hornet (D:8)
  Eustachio (D:6)
  A hungry ghost (D:7)
  An orc warrior (D:7)
  2 ice beasts (D:7)
  2 phantoms
  2 necrophages
  5 ogres
  2 centaurs (D:6)
  4 bullfrogs
  Blork the orc (D:6)
  A scorpion (D:6)
  A howler monkey (D:7)
  2 crimson imps
  2 hounds
  A centaur skeleton (D:4)
  4 jellies
  Crazy Yiuf (D:6)
  An orc wizard (D:5)
  A bullfrog skeleton (D:8)
  An iguana (D:6)
  4 worker ants
  Terence (D:2)
  A hound skeleton (D:5)
  10 adders
  An adder skeleton (D:5)
  4 dart slugs
  2 leopard geckos (D:6)
  8 orcs
  6 giant cockroaches
  5 goblins
  3 hobgoblins
  9 jackals
  2 quokkas
  A ball python (D:3)
  A ball python skeleton (D:4)
  6 bats
  3 frilled lizards
  A giant cockroach zombie (D:5)
  A jackal zombie (D:6)
  5 kobolds
  A leopard gecko zombie (D:5)
  8 rats
121 creatures vanquished.

Notes
Turn   | Place    | Note
-------+----------+-------------------------------------------
     0 | D:1      | PentaManta the Troll Monk began the quest for the Orb.
     0 | D:1      | Reached XP level 1. HP: 22/22 MP: 0/0
   179 | D:1      | Reached XP level 2. HP: 27/29 MP: 1/1
   790 | D:2      | Reached skill level 3 in Dodging
   807 | D:2      | Reached XP level 3. HP: 36/36 MP: 2/2
   933 | D:2      | You fall into a shaft and drop 2 floors!
  1166 | D:3      | Reached XP level 4. HP: 41/44 MP: 3/3
  1352 | D:2      | Noticed Terence
  1360 | D:2      | Killed Terence
  1631 | D:3      | Found a runed translucent gate.
  1631 | D:3      | Found a runed translucent gate.
  1631 | D:3      | Found a runed translucent gate.
  1680 | D:3      | Noticed Delamore's ghost (amateur HOFi)
  1885 | D:3      | Reached XP level 5. HP: 50/53 MP: 4/4
  2199 | D:4      | Noticed an ogre
  2207 | D:4      | Killed an ogre
  2207 | D:4      | Reached skill level 4 in Dodging
  2311 | D:4      | Found Gyuth's Armour Shoppe.
  2383 | D:4      | Reached XP level 6. HP: 57/61 MP: 5/5
  2727 | D:5      | Entered Level 5 of the Dungeon
  3021 | D:5      | Found a staircase to the Ecumenical Temple.
  3048 | Temple   | Entered the Ecumenical Temple
  3406 | Temple   | Became a worshipper of Elyvilon the Healer
  3406 | Temple   | Reached * piety under Elyvilon
  3406 | Temple   | Reached ** piety under Elyvilon
  3443 | D:5      | Reached skill level 5 in Dodging
  3492 | D:6      | Reached XP level 7. HP: 57/68 MP: 6/6
  3611 | D:6      | Reached skill level 5 in Unarmed Combat
  3657 | D:6      | Noticed Eustachio
  3677 | D:6      | Killed Eustachio
  3677 | D:6      | Reached skill level 6 in Dodging
  3677 | D:6      | Reached XP level 8. HP: 31/79 MP: 7/7
  3886 | D:6      | Noticed Blork the orc
  3892 | D:6      | Killed Blork the orc
  3947 | D:6      | Found a runed translucent door.
  3948 | D:6      | Noticed Crazy Yiuf
  3958 | D:6      | Killed Crazy Yiuf
  4033 | D:6      | Found a blossoming altar of Fedhas.
  4331 | D:6      | Reached skill level 5 in Fighting
  4702 | D:7      | Reached *** piety under Elyvilon
  4731 | D:7      | Reached skill level 7 in Dodging
  4804 | D:7      | Reached XP level 9. HP: 66/88 MP: 8/8
  5263 | D:7      | Found an iron altar of Okawaru.
  5588 | D:8      | Paralysed by a hornet for 1 turns
  5591 | D:8      | Paralysed by a hornet for 2 turns
  5593 | D:8      | Reached skill level 8 in Dodging
  5640 | D:8      | Noticed a two-headed ogre
  5645 | D:8      | Killed a two-headed ogre
  5735 | D:8      | Found a sand-covered staircase.
  5743 | Ossuary  | Entered an ossuary
  5826 | Ossuary  | HP: 4/89 [mummy (6)]
  5827 | Ossuary  | Slain by a mummy

Levels and vault maps discovered:
D:1:      minmay_arrival_four_houses, layout_loops_corners, minmay_pentomino_r2
D:2:      layout_rooms, uniq_terence
D:3:      layout_loops_corners, gammafunk_ghost_icy
D:4:      layout_cave_pools, serial_shops, shop
D:5:      layout_loops_ring, minmay_temple_entry_ruins, first_ration
D:6:      layout_loops_ring, fedhas_bush_and_centaur_altar, uniq_blork_the_orc,
          uniq_eustachio, uniq_crazy_yiuf_cottage
D:7:      layout_basic, kennysheep_okawaru_gauntlet, david_defended_altar_orc
D:8:      layout_loops_corners, chequers_ossuary_entry_cave,
          gammafunk_ghost_nasty_kobolds, minmay_pinched_square
Temple:   roderic_octagonal_lattice_temple
Ossuary:  ossuary_minmay_tomb_2a

Skill      XL: |  1  2  3  4  5  6  7  8  9 |
---------------+----------------------------+-----
Dodging        | 3 4 5 6 7 8 |  8.7
Fighting       | 3 4 5 6 |  6.3
Unarmed Combat | 4 5 6 7 |  7.6
Stealth        | |  1.0

Action                   |  1- 3 |  4- 6 |  7- 9 || total
-------------------------+-------+-------+-------++-------
Melee: Unarmed           |    92 |   163 |   218 ||   473
       Punch             |       |     3 |     7 ||    10
 Stab: Sleeping          |     7 |     3 |     2 ||    12
  Eat: Chunk             |     4 |    13 |    16 ||    33
       Ration            |     1 |     2 |     2 ||     5
Armor: Robe              |    46 |    40 |    91 ||   177
Dodge: Dodged            |    66 |    90 |   917 ||  1073
